[ AOE2 MATCH · #507642088 ]
UnrankedJapanese vs Mapuche
Player's team · LOSS
Rival team · WIN
[ REPLAY ANALYSIS · EXTRACTED FROM THE RECORDED GAME ]
Feudal
8:56
Castle
—
Imperial
—
| APM avg | 54.0 |
| APM peak | 105 |
| eAPM avg | 18.0 |
| Villagers / military | 41 / 10 |
Focus
⚔️ 22.4% · 🌾 77.6%
Militia ×10
Feudal
11:49
Castle
15:19
Imperial
—
| APM avg | 41.3 |
| APM peak | 78 |
| eAPM avg | 17.3 |
| Villagers / military | 34 / 6 |
Focus
⚔️ 26.8% · 🌾 73.2%
Archer ×3 · Bolas Rider ×3
Match map
Initial resources + every placement click. Lines = walls · curves = elevation contours. ◆ gold · ⬟ stone · ● berries · ✦ relic · ◌ wall gap
Your base· ✓ Closed at 12:00 · 0t walls · 2 gate(s)
Head_Of_The_School's base· ✓ Closed at 15:19 · 7t walls · 6 gate(s)
Smoothed initial terrain · ◌ = detected wall gap · hover for details
Inputs per minute
— 烤乳猪 - - Head_Of_The_School
Build order — 烤乳猪
91 actions detected in the replay
| 0:01 | Queue | Villager (Male) |
| 0:01 | Queue | Villager (Male) |
| 0:02 | Queue | Villager (Male) |
| 0:03 | Build | House |
| 0:04 | Build | House |
| 0:07 | Queue | Villager (Male) |
| 0:07 | Queue | Villager (Male) |
| 1:43 | Queue | Villager (Male) |
| 1:44 | Queue | Villager (Male) |
| 1:56 | Build | Lumber Camp |
| 2:01 | Queue | Villager (Male) |
| 2:01 | Queue | Villager (Male) |
| 2:32 | Queue | Villager (Male) |
| 2:33 | Queue | Villager (Male) |
| 2:46 | Build | Mill |
| 3:00 | Queue | Villager (Male) |
| 3:00 | Queue | Villager (Male) |
| 3:25 | Queue | Villager (Male) |
| 3:25 | Queue | Villager (Male) |
| 3:25 | Queue | Villager (Male) |
| 4:02 | Queue | Villager (Male) |
| 4:02 | Queue | Villager (Male) |
| 4:03 | Build | House |
| 4:41 | Queue | Villager (Male) |
| 4:41 | Queue | Villager (Male) |
| 4:51 | Queue | Villager (Male) |
| 5:13 | Queue | Villager (Male) |
| 5:42 | Research | Loom |
| 6:39 | Build | House |
| 6:44 | Research | Feudal Age |
| 6:44 | Research | Feudal Age |
| 7:43 | Queue | Villager (Male) |
| 7:58 | Queue | Villager (Male) |
| 8:56 | Age | Feudal Age |
| 9:20 | Build | Mining Camp |
| 9:21 | Queue | Villager (Male) |
| 9:23 | Research | Double-Bit Axe |
| 9:35 | Build | Barracks |
| 9:38 | Queue | Villager (Male) |
| 9:49 | Build | House |
| 10:27 | Queue | Villager (Male) |
| 10:30 | Build | Mining Camp |
| 10:34 | Queue | Militia |
| 10:35 | Queue | Militia |
| 10:35 | Queue | Militia |
| 10:44 | Build | Watch Tower |
| 11:07 | Queue | Villager (Male) |
| 11:12 | Research | Man-at-Arms (upgrade) |
| 11:14 | Queue | Villager (Male) |
| 11:42 | Queue | Villager (Male) |
| 11:48 | Build | House |
| 12:04 | Queue | Villager (Male) |
| 12:31 | Build | Watch Tower |
| 12:34 | Queue | Villager (Male) |
| 12:41 | Build | Farm |
| 12:42 | Build | Farm |
| 12:44 | Build | Farm |
| 12:44 | Build | Farm |
| 12:47 | Build | Farm |
| 12:55 | Queue | Villager (Male) |
| 12:59 | Build | Farm |
| 13:06 | Build | House |
| 13:28 | Queue | Villager (Male) |
| 13:32 | Build | Farm |
| 13:44 | Queue | Militia |
| 13:45 | Queue | Militia |
| 14:07 | Queue | Villager (Male) |
| 14:09 | Build | House |
| 14:28 | Build | Watch Tower |
| 14:43 | Queue | Villager (Male) |
| 14:43 | Queue | Villager (Male) |
| 14:45 | Build | Farm |
| 14:46 | Build | Farm |
| 15:04 | Queue | Villager (Male) |
| 15:06 | Queue | Militia |
| 15:07 | Queue | Militia |
| 15:40 | Build | House |
| 15:43 | Queue | Villager (Male) |
| 15:45 | Build | Farm |
| 15:47 | Queue | Militia |
| 15:52 | Queue | Militia |
| 16:22 | Queue | Villager (Male) |
| 16:29 | Build | Watch Tower |
| 16:45 | Queue | Militia |
| 16:56 | Queue | Villager (Male) |
| 16:58 | Build | Farm |
| 17:00 | Build | Farm |
| 17:00 | Build | Farm |
| 17:09 | Build | Blacksmith |
| 17:20 | Build | Palisade Wall |
| 17:26 | Build | Palisade Wall |
Build order — Head_Of_The_School
82 actions detected in the replay
| 0:01 | Queue | Villager (Male) |
| 0:01 | Queue | Villager (Male) |
| 0:01 | Queue | Villager (Male) |
| 0:01 | Queue | Villager (Male) |
| 0:03 | Build | House |
| 0:04 | Build | House |
| 1:42 | Queue | Villager (Male) |
| 1:42 | Queue | Villager (Male) |
| 1:56 | Build | Settlement |
| 2:03 | Queue | Villager (Male) |
| 2:06 | Queue | Villager (Male) |
| 2:35 | Queue | Villager (Male) |
| 2:36 | Queue | Villager (Male) |
| 3:04 | Queue | Villager (Male) |
| 3:04 | Queue | Villager (Male) |
| 3:41 | Queue | Villager (Male) |
| 3:41 | Queue | Villager (Male) |
| 3:42 | Queue | Villager (Male) |
| 4:13 | Queue | Villager (Male) |
| 4:18 | Build | Settlement |
| 4:20 | Queue | Villager (Male) |
| 4:58 | Queue | Villager (Male) |
| 5:22 | Queue | Villager (Male) |
| 5:39 | Queue | Villager (Male) |
| 5:39 | Queue | Villager (Male) |
| 6:05 | Queue | Villager (Male) |
| 6:55 | Queue | Villager (Male) |
| 6:56 | Queue | Villager (Male) |
| 7:21 | Build | House |
| 7:44 | Queue | Villager (Male) |
| 7:45 | Queue | Villager (Male) |
| 9:14 | Research | Loom |
| 9:14 | Research | Feudal Age |
| 9:47 | Queue | Villager (Male) |
| 9:48 | Queue | Villager (Male) |
| 9:58 | Build | Barracks |
| 11:12 | Build | Palisade Wall |
| 11:49 | Age | Feudal Age |
| 11:51 | Build | Archery Range |
| 12:02 | Build | Blacksmith |
| 12:34 | Research | Castle Age |
| 12:46 | Queue | Archer |
| 12:57 | Build | House |
| 13:00 | Build | House |
| 13:02 | Build | House |
| 13:07 | Research | Double-Bit Axe |
| 13:08 | Research | Horse Collar |
| 13:12 | Build | Farm |
| 13:14 | Queue | Archer |
| 13:17 | Build | House |
| 13:37 | Build | Watch Tower |
| 13:39 | Queue | Villager (Male) |
| 13:51 | Queue | Villager (Male) |
| 14:13 | Build | House |
| 14:19 | Queue | Villager (Male) |
| 14:32 | Queue | Villager (Male) |
| 14:37 | Build | Farm |
| 14:42 | Build | Farm |
| 14:43 | Build | Farm |
| 14:43 | Build | Farm |
| 14:59 | Queue | Villager (Male) |
| 15:19 | Age | Castle Age |
| 15:19 | Queue | Archer |
| 15:22 | Queue | Bolas Rider |
| 15:33 | Build | Farm |
| 15:34 | Build | Farm |
| 15:48 | Build | Farm |
| 16:01 | Build | Palisade Wall |
| 16:03 | Build | Palisade Wall |
| 16:11 | Build | House |
| 16:12 | Build | Palisade Wall |
| 16:22 | Queue | Bolas Rider |
| 16:22 | Queue | Bolas Rider |
| 16:26 | Research | Fletching |
| 16:36 | Build | Palisade Wall |
| 16:37 | Build | Palisade Wall |
| 16:45 | Build | Farm |
| 16:53 | Queue | Villager (Male) |
| 17:32 | Build | Farm |
| 17:33 | Build | Farm |
| 17:35 | Build | Farm |
| 17:36 | Build | Farm |
Match timeline
| 8:56 | 烤乳猪 · age_up feudal |
| 9:35 | 烤乳猪 · first_building Barracks |
| 9:58 | Head_Of_The_School · first_building Barracks |
| 11:12 | Head_Of_The_School · wall_segment Palisade Wall x7 |
| 11:49 | Head_Of_The_School · age_up feudal |
| 11:51 | Head_Of_The_School · first_building Archery Range |
| 15:19 | Head_Of_The_School · age_up castle |
| 16:01 | Head_Of_The_School · wall_segment Palisade Wall x1 |
| 16:03 | Head_Of_The_School · wall_segment Palisade Wall x1 |
| 16:12 | Head_Of_The_School · wall_segment Palisade Wall x1 |
| 16:36 | Head_Of_The_School · wall_segment Palisade Wall x1 |
| 16:37 | Head_Of_The_School · wall_segment Palisade Wall x1 |
| 17:20 | 烤乳猪 · wall_segment Palisade Wall x1 |
| 17:26 | 烤乳猪 · wall_segment Palisade Wall x1 |
| 17:45 | 烤乳猪 · resign |
[ AI ANALYSIS · 1 CREDIT ]
What really happened in this match?
Wolo.gg analyzes every decision: build order, eco, micro, common mistakes by bracket. Personalized analysis on WhatsApp or Discord in 30 seconds.
Civ guide
Japanese
Perfil
Jugador #20995970